 Dungeon Crawl Stone Soup version 0.31.0-11-ge490571c62 (webtiles) character file.

Game seed: 9659688883391280851

74 qw the Shooter (level 4, -5/22 (25) HPs)
             Began as a Deep Elf Hunter on Feb 4, 2024.
             Slain by Ijyb
             ... wielding a +2 dagger of draining
              (6 damage)
             ... on level 3 of the Dungeon.
             The game lasted 00:00:07 (1473 turns).

qw the Shooter (Deep Elf Hunter)                    Turns: 1473, Time: 00:00:07

HP:   -5/22 (25)    AC:  7    Str: 10    XL:     4   Next: 9%
MP:   6/6           EV: 11    Int: 14    God:
Gold: 149           SH:  0    Dex: 18    Spells: 3/3 levels left

rFire   . . .        a - +0 shortbow
rCold   . . .        (shield currently unavailable)
rNeg    . . .        i - +1 ring mail
rPois   .            (no helmet)
rElec   .            (no cloak)
rCorr   .            (no gloves)
SInv    .            b - +0 pair of boots
Will    .....        (no amulet)
Stlth   +            (no ring)
HPRegen 0.23/turn    (no ring)
MPRegen 0.10/turn

%: no passive effects
@: about to teleport, heavily drained
A: no striking features
a: no special abilities


You were on level 3 of the Dungeon.
You visited 1 branch of the dungeon, and saw 3 of its levels.

You collected 149 gold pieces.


   Skills:
 - Level 1.5 Fighting
 + Level 7.5 Ranged Weapons
 - Level 2.4 Dodging
 - Level 1.2 Stealth


You had 3 spell levels left.
You didn't know any spells.
Your spell library was empty.

Inventory:

Hand Weapons
 a - a +0 shortbow (weapon)
Armour
 b - a +0 pair of boots (worn)
 i - a +1 ring mail (worn)
Scrolls
 c - a scroll of torment {unknown}
 d - a scroll of teleportation
 e - a scroll of identify
Potions
 f - a potion of enlightenment
 g - a potion of curing {unknown}
 h - a potion of might {unknown}
 j - a potion of attraction {unknown}

Dungeon Overview and Level Annotations

Branches:
Dungeon (3/15)

Altars:
Zin

Annotations:
D:3 Ijyb; qw's ghost, amateur DEHu


Message History

Things that are here:
a +0 dagger; a +0 dagger; a goblin corpse
There is an open door here.
Ijyb the Twisted Goblin comes into view.
She is wielding a +2 dagger of draining and carrying a wand of flame.
You shoot an arrow. The arrow hits Ijyb.
Ijyb shouts!
Ijyb is lightly wounded.
You shoot an arrow. The arrow closely misses Ijyb.
An endoplasm comes into view.
You shoot an arrow. The arrow hits Ijyb.
Ijyb is moderately wounded.
Ijyb zaps a wand.
The puff of flame hits you.
You shoot an arrow. The arrow hits Ijyb.
Ijyb is moderately wounded.
Ijyb zaps a wand.
The puff of flame hits you.
You shoot an arrow. The arrow closely misses Ijyb.
Ijyb closely misses you.
You shoot an arrow. The arrow hits Ijyb!
Ijyb is almost dead.
Ijyb hits you but does no damage.
You feel drained.
You shoot an arrow. The arrow hits Ijyb but does no damage.
Ijyb is almost dead.
Ijyb misses you.
You shoot an arrow. The arrow hits Ijyb but does no damage.
Ijyb is almost dead.
Ijyb hits you with a +2 dagger of draining.
You feel drained.
You shoot an arrow. The arrow closely misses Ijyb.
Ijyb zaps a wand.
The puff of flame hits you!
Ijyb screams, "No!
No, no, no, no!"
Ijyb barely misses you.
1472 ||| READING 2 scrolls of teleportation.
As you read the scroll of teleportation, it crumbles to dust.
You feel strangely unstable.
Ijyb hits you with a +2 dagger of draining.
You feel drained.
You shoot an arrow. The arrow hits Ijyb.
Ijyb is almost dead.
Ijyb hits you with a +2 dagger of draining.
You die...

.....#...#....####.#
.....####'####.......#
.
#..#.##.#...#)##......#
#..
#.##.#..'..))..'..###.#
# . .. # ##.#..%#)##..#
# # ####'####...#
#...#.....# ##.##.##..#
###@...#..#
.....Jg...###.#
..######.## #.# ##. ##
.. ... ##.# .#


You could see Ijyb and an endoplasm.

Vanquished Creatures
  An adder (D:2)
  A dart slug (D:1)
  A ribbon worm (D:2)
  An orc (D:3)
  3 ball pythons
  2 bats (D:2)
  6 endoplasms
  2 giant cockroaches
  10 goblins
  3 hobgoblins
  3 jackals (D:3)
  4 quokkas
  3 frilled lizards
  8 kobolds
  3 rats
51 creatures vanquished.

Notes
Turn   | Place    | Note
-------+----------+-------------------------------------------
     0 | D:1      | qw the Deep Elf Hunter began the quest for the Orb.
     0 | D:1      | Reached XP level 1. HP: 12/12 MP: 3/3
     0 | D:1      | 0 ||| qw: Version: 0.3-a-160-g6735b56
     0 | D:1      | 0 ||| qw: Game counter: 4477
     0 | D:1      | 0 ||| qw: Melee chars always use a shield: true
     0 | D:1      | 0 ||| qw: God list: Okawaru
     0 | D:1      | 0 ||| qw: Allow faded altars: false
     0 | D:1      | 0 ||| qw: Do Orc after clearing Dungeon:15 true
     0 | D:1      | 0 ||| qw: Do second Lair branch before Depths: true
     0 | D:1      | 0 ||| qw: Lair rune preference: random
     0 | D:1      | 0 ||| qw: Goals: Normal
     0 | D:1      | 0 ||| PLANNING D:1-11
   288 | D:1      | Reached skill level 6 in Ranged Weapons
   288 | D:1      | Reached XP level 2. HP: 16/16 MP: 4/4
   429 | D:1      | 429 ||| UPGRADING to +0 ring mail.
   439 | D:1      | 439 ||| DROPPING +0 leather armour.
   440 | D:1      | 440 ||| READING 3 scrolls labelled FACARA CIDUZ.
   445 | D:1      | 445 ||| READING scroll labelled HUDUGU KOMEEDGH.
   445 | D:1      | 445 ||| ENCHANTING +0 ring mail.
   446 | D:1      | 446 ||| READING scroll labelled NYIPUNNAWOO.
   447 | D:1      | 447 ||| READING scroll labelled REONAF KYZXADD.
   448 | D:1      | 448 ||| DROPPING scroll of butterflies.
   707 | D:2      | Reached XP level 3. HP: 20/20 MP: 5/5
   791 | D:2      | Reached skill level 7 in Ranged Weapons
   966 | D:2      | Found a faded altar of an unknown god.
  1094 | D:2      | 1094 ||| UPGRADING to +0 pair of boots.
  1099 | D:2      | 1099 ||| READING scroll labelled LIZAL VUECWUPN.
  1200 | D:2      | 1200 ||| READING scroll labelled GAUNWE NULAM.
  1200 | D:2      | 1200 ||| IDENTIFYING inky potion
  1221 | D:3      | 1221 ||| STAIRDANCE
  1253 | D:3      | Noticed qw's ghost (amateur DEHu)
  1367 | D:3      | Found a glowing silver altar of Zin.
  1411 | D:3      | Reached XP level 4. HP: 21/25 MP: 6/6
  1462 | D:3      | Noticed Ijyb
  1471 | D:3      | HP: 5/23 [Ijyb/puff of flame (7)]
  1472 | D:3      | 1472 ||| READING 2 scrolls of teleportation.
  1472 | D:3      | HP: 2/23 [Ijyb/+2 dagger of draining (3)]
  1473 | D:3      | Slain by Ijyb

Levels and vault maps discovered:
D:1:      mainiacjoe_arrival_reflecting_pool, layout_basic
D:2:      layout_basic, dreamdust_ecumenical_altar_statues
D:3:      cheibrodos_greedy_goblins, layout_loops_cross, slow_altar_1,
          nzn_wu_jian_contemplation, amcnicky_altar_gilded, lemuel_doored_altar,
          general_overflow_altar, gammafunk_ghost_icy, uniq_terence, uniq_ijyb,
          uniq_sigmund

Skill      XL: |  1  2  3 |
---------------+----------+-----
Ranged Weapons | 6 7 |  7.5
Fighting       | |  1.5
Dodging        | |  2.4
Stealth        | |  1.2

Action                     |  1- 3 |  4- 6 || total
---------------------------+-------+-------++-------
   Fire: Shortbow          |   138 |    21 ||   159
    Use: Scroll            |     6 |     1 ||     7
 Armour: Leather armour    |     8 |       ||     8
         Ring mail         |    23 |    11 ||    34
  Dodge: Dodged            |    38 |     7 ||    45

Table legend:
 A = Non-vault XP
 B = Vault XP
 C = Vault XP percentage of total XP
 D = Non-vault monster count
 E = Vault monster count
 F = Vault count percentage of total count
                 A         B        C        D         E       F
            +---------+---------+-------+---------+---------+-------
      Total |      91 |      15 |  14.2 |      43 |       8 |  15.7
            +---------+---------+-------+---------+---------+-------
        D:1 |      34 |       0 |   0.0 |      20 |       0 |   0.0
        D:2 |      43 |       0 |   0.0 |      16 |       0 |   0.0
        D:3 |      14 |      15 |  51.7 |       7 |       8 |  53.3
            +---------+---------+-------+---------+---------+-------
